 Seeded DCSS version 0.29.0-7-g18a832c13a (webtiles) character file.

Game seed: 1 (custom seed)

7683 Kazon the Cudgeller (level 10, 0/83 HPs)
             Began as a Demigod Fighter on Aug 29, 2022.
             Slain by a slime creature (16 damage)
             ... on level 9 of the Dungeon on Aug 30, 2022.
             The game lasted 00:33:16 (7412 turns).

Kazon the Cudgeller (Demigod Fighter)               Turns: 7412, Time: 00:33:18

Health: 0/83       AC:  9    Str: 25    XL:     10   Next: 68%
Magic:  13/13      EV: 12    Int: 10    God:
Gold:   1342       SH:  6    Dex: 17    Spells: 9/9 levels left

rFire   . . .      SeeInvis .   q - +6 shillelagh "Devastator" {shatter}
rCold   . . .      Faith    .   c - +0 buckler
rNeg    . . .      Spirit   .   I - +0 troll leather armour
rPois   +          Reflect  .   l - +0 helmet
rElec   .          Harm     .   (no cloak)
rCorr   .          Rampage  .   (no gloves)
Will    +....                   m - +2 pair of boots
Stlth   ++........              e - amulet of regeneration
HPRegen 1.83/turn               F - +4 ring of slaying
MPRegen 0.13/turn               b - ring of poison resistance

@: studying Maces & Flails
A: high MP 1, forlorn, divine attributes
a: no special abilities


You were on level 9 of the Dungeon.
You visited 1 branch of the dungeon, and saw 9 of its levels.

You collected 1526 gold pieces.
You spent 184 gold pieces at shops.

Inventory:

Hand Weapons
 a - a +0 long sword
 p - a +2 dagger of venom
 q - the +6 shillelagh "Devastator" (weapon) {shatter}
   (You found it on level 6 of the Dungeon)

   It releases a powerful concussive burst when it strikes, dealing extra damage
   to the target and all other foes adjacent to them.
 s - the +3 falchion of Winter {venom, rCorr}
   (You bought it in a shop on level 3 of the Dungeon)

   It poisons the flesh of those it strikes.
   rCorr:     It protects you from acid and corrosion.
 J - the +6 great sword of the Gloaming {distort, rC+ Will+ Dex+4}
   (You found it on level 8 of the Dungeon)

   It warps and distorts space around it, and may blink, banish, or inflict
   extra damage upon those it strikes.
   Unwielding it can cause banishment or high damage.
   Dex:       It affects your dexterity (+4).
   rC:        It protects you from cold.
   Will:      It increases your willpower.
Missiles
 g - 3 boomerangs of dispersal
 j - 20 poisoned darts (quivered)
 k - 23 stones
 r - 2 throwing nets
 t - 9 boomerangs
 E - 3 curare-tipped darts
Armour
 c - a +0 buckler (worn)
 l - a +0 helmet (worn)
 m - a +2 pair of boots (worn)
 I - a +0 troll leather armour (worn)
 K - a +2 chain mail of cold resistance
Jewellery
 b - a ring of poison resistance (right hand)
 e - an amulet of regeneration (around neck)
 F - a +4 ring of slaying (left hand)
Wands
 x - a wand of flame (17)
 A - a wand of mindburst (10)
Scrolls
 i - 2 scrolls of identify
 o - 2 scrolls of immolation {unknown}
 u - 2 scrolls of enchant weapon {unknown}
 w - 2 scrolls of blinking {unknown}
 y - a scroll of vulnerability {unknown}
 D - a scroll of fog {unknown}
 H - a scroll of teleportation {unknown}
Potions
 d - a potion of might
 f - a potion of haste
 h - 2 potions of curing
 n - a potion of flight
 z - 2 potions of ambrosia
 B - 2 potions of heal wounds {unknown}
 C - a potion of mutation


   Skills:
 * Level 5.7 Fighting
 + Level 0.7(4.3) Short Blades
 + Level 6.9(7.0) Long Blades
 + Level 7.3 Maces & Flails
 + Level 4.6 Throwing
 + Level 6.2 Armour
 + Level 3.3 Dodging
 + Level 1.7 Stealth
 + Level 5.1 Shields
 * Level 6.2 Evocations


You had 9 spell levels left.
You didn't know any spells.
Your spell library contained the following spells:

 Spells                   Type           Power      Damage    Failure   Level
 Apportation              Tloc           0%         N/A       50%         1
 Necrotise                Necr           0%         1d4       50%         1
 Sting                    Tmut/Pois      0%         1d3       50%         1
 Summon Small Mammal      Summ           0%         N/A       50%         1
 Ensorcelled Hibernation  Hex/Ice        0%         N/A       63%         2
 Poisonous Vapours        Pois/Air       0%         N/A       63%         2
 Ignite Poison            Fire/Tmut/Pois 0%         N/A       86%         3
 Mephitic Cloud           Conj/Pois/Air  0%         N/A       86%         3
 Spider Form              Tmut/Pois      0%         N/A       86%         3
 Anguish                  Hex/Necr       0%         N/A       99%         4
 Olgreb's Toxic Radiance  Pois           0%         N/A       99%         4
 Freezing Cloud           Conj/Ice/Air   0%         6-21      100%        5


Dungeon Overview and Level Annotations

Branches:
Dungeon (9/15)             Temple (0/1) D:7
   Lair: D:8-11         Orc: D:9-12

Shops:
D:3 (   D:7 *   D:9 (

Annotations:
D:8 3 runed translucent doors, Esekla's ghost, novice DrHW; Persephone's ghost, novice MiFi; SensoryNuts's ghost, novice GrFi; SensoryNuts's ghost, novice HOFi; benadryl's ghost, novice GrFi
D:9 Flarelocke's ghost, novice MiFi


Innate Abilities, Weirdness & Mutations

You have an increased reservoir of magic. (+10% MP)
You shall have no god before yourself.
Your divine heritage dramatically boosts your attributes as you level up.


Message History

Flarelocke's ghost hits you.
You barely miss Flarelocke's ghost.
Flarelocke's ghost is moderately damaged.
You block Flarelocke's ghost's attack.
You completely miss Flarelocke's ghost.
Flarelocke's ghost is moderately damaged.
The slime creature closely misses you. Flarelocke's ghost barely misses you.
You closely miss Flarelocke's ghost.
Flarelocke's ghost is moderately damaged.
You block the slime creature's attack. Flarelocke's ghost hits you!
You barely miss Flarelocke's ghost.
Flarelocke's ghost is moderately damaged.
The slime creature hits you! You block Flarelocke's ghost's attack.
You hit Flarelocke's ghost.
The slime creature and the jellies shudder.
The slime creature is lightly wounded.
The jelly is almost dead.
The jelly is moderately wounded.
Flarelocke's ghost is moderately damaged.
The slime creature hits you but does no damage.
Flarelocke's ghost hits you!
You bludgeon Flarelocke's ghost!!
The slime creature and the jelly shudder.
The slime creature is moderately wounded.
You kill the jelly!
Flarelocke's ghost is heavily damaged.
Flarelocke's ghost hits you!! The slime creature hits you!
* * * LOW HITPOINT WARNING * * *
You sock the slime creature!
The slime creature shudders.
The slime creature is severely wounded. x2
You block Flarelocke's ghost's attack. The slime creature hits you!
* * * LOW HITPOINT WARNING * * *
Unknown command.
You sock Flarelocke's ghost!
The slime creature and the jelly shudder.
The slime creature is severely wounded.
You kill the jelly!
Flarelocke's ghost is severely damaged.
Flarelocke's ghost misses you. The slime creature hits you!
You die...

.#...#.................#.......#.
.#...#............######....>.##.
####'#...........##...##########.
#.......#######..#.....##.....##.
#.......#........'.....$#........
#.......#........'....=_#........
#.......#........'......#........
#.......#......JW#.....##........
#)......'......#@##...##.........
#.......#......#..######.........
#.......#......#.......#...##.##.
#.......###....#.......#...##.##.
###########....#.......#.........
#...........#.......#.........
#...........#.......#.........
#...........#.......#.........
#...........#.......#.........


You could see a slime creature and Flarelocke's ghost.

Vanquished Creatures
  An unseen horror (D:8)
  2 gargoyles (D:8)
  Maggie (D:7)
  2 trolls
  A slime creature (D:8)
  Eustachio (D:4)
  5 yaks (D:8)
  A steam dragon (D:9)
  A vampire mosquito (D:8)
  Duvessa (D:5)
  2 water moccasins
  An orc warrior (D:8)
  3 ice beasts
  3 black bears
  6 ogres
  2 centaurs (D:8)
  2 phantoms
  2 kobold brigands
  7 bullfrogs
  2 necrophages (D:5)
  5 scorpions
  5 wights (D:7)
  Dowan (D:5)
  12 killer bees
  2 howler monkeys
  8 hounds
  4 jellies
  A gnoll bouda (D:8)
  3 orc priests
  4 iguanas
  10 orc wizards
  Natasha (thrice) (D:4)
  11 gnolls
  2 adders (D:2)
  An ufetubus (D:4)
  2 worms
  3 dart slugs
  48 orcs
  7 endoplasms
  A giant cockroach (D:1)
  8 goblins
  12 hobgoblins
  7 jackals
  19 kobolds
  4 quokkas
  5 ball pythons
  2 bats
  4 frilled lizards
  5 rats
245 creatures vanquished.

Notes
Turn   | Place    | Note
-------+----------+-------------------------------------------
     0 | D:1      | Kazon the Demigod Fighter began the quest for the Orb.
     0 | D:1      | Reached XP level 1. HP: 18/18 MP: 3/3
    35 | D:1      | Identified a scroll of acquirement
    35 | D:1      | Acquired 940 gold pieces
   292 | D:1      | Reached XP level 2. HP: 23/25 MP: 4/4
   292 | D:1      | Upgraded the game from 0.29.0-5-ge4962eb29e to
                  | 0.29.0-7-g18a832c13a
   806 | D:2      | HP: 1/25 [worm (5)]
  1138 | D:3      | Found Umat's Antique Weapon Boutique.
  1381 | D:2      | Reached XP level 3. HP: 31/31 MP: 5/5
  1577 | D:2      | Reached XP level 4. HP: 38/38 MP: 6/6
  1858 | D:3      | Bought a crude falchion for 184 gold pieces
  1858 | D:3      | Identified the +3 falchion of Winter {venom, rCorr} (You
                  | bought it in a shop on level 3 of the Dungeon)
  2186 | D:3      | Reached skill level 1 in Throwing
  2538 | D:4      | Noticed Eustachio
  2552 | D:4      | Killed Eustachio
  2553 | D:4      | Reached XP level 5. HP: 7/45 MP: 7/7
  2798 | D:4      | Noticed an ogre
  2810 | D:4      | Killed an ogre
  2811 | D:4      | Reached skill level 1 in Dodging
  2811 | D:4      | Reached skill level 1 in Stealth
  2811 | D:4      | Reached XP level 6. HP: 15/51 MP: 8/8
  2853 | D:4      | Noticed Natasha
  2859 | D:4      | Killed Natasha
  3108 | D:4      | Noticed a water moccasin
  3124 | D:4      | Killed a water moccasin
  3125 | D:4      | Reached XP level 7. HP: 42/57 MP: 9/9
  3129 | D:4      | Reached skill level 1 in Evocations
  3186 | D:4      | Noticed Natasha
  3200 | D:4      | Killed Natasha
  3210 | D:4      | Noticed Natasha
  3217 | D:4      | Killed Natasha
  3218 | D:4      | Reached skill level 5 in Long Blades
  3449 | D:5      | Entered Level 5 of the Dungeon
  3599 | D:5      | Reached XP level 8. HP: 64/66 MP: 10/10
  3708 | D:5      | Noticed Duvessa
  3708 | D:5      | Noticed Dowan
  3720 | D:5      | Killed Dowan
  3722 | D:5      | Killed Duvessa
  4278 | D:6      | Found the +6 shillelagh "Devastator" {shatter}
  4442 | D:6      | Reached skill level 5 in Armour
  4506 | D:6      | Reached skill level 1 in Maces & Flails
  4520 | D:6      | Reached XP level 9. HP: 73/73 MP: 11/11
  4548 | D:6      | Reached skill level 2 in Maces & Flails
  4803 | D:7      | Noticed Maggie
  4811 | D:7      | Killed Maggie
  4823 | D:7      | Reached skill level 5 in Fighting
  4912 | D:7      | Found Binerhev's Lightly-Used Armoury.
  4987 | D:7      | Reached skill level 3 in Maces & Flails
  5159 | D:7      | Found a staircase to the Ecumenical Temple.
  5809 | D:8      | Reached skill level 4 in Maces & Flails
  5811 | D:8      | Reached skill level 5 in Evocations
  5945 | D:8      | Reached XP level 10. HP: 81/81 MP: 13/13
  5950 | D:8      | Reached skill level 5 in Maces & Flails
  5963 | D:8      | Found a runed translucent gate.
  5964 | D:8      | Found a runed translucent gate.
  5964 | D:8      | Found a runed translucent gate.
  5967 | D:8      | Noticed Persephone's ghost (novice MiFi)
  5967 | D:8      | Noticed Esekla's ghost (novice DrHW)
  5968 | D:8      | Noticed SensoryNuts's ghost (novice HOFi)
  5968 | D:8      | Noticed benadryl's ghost (novice GrFi)
  5968 | D:8      | Noticed SensoryNuts's ghost (novice GrFi)
  6210 | D:8      | Reached skill level 5 in Shields
  6211 | D:8      | Reached skill level 6 in Maces & Flails
  6315 | D:8      | Identified the +6 great sword of the Gloaming {distort, rC+
                  | Will+ Dex+4}
  6612 | D:8      | Reached skill level 7 in Maces & Flails
  7058 | D:9      | Found Sudgh's Antique Weapon Shop.
  7152 | D:9      | Found a runed translucent gate.
  7153 | D:9      | Found a runed translucent gate.
  7153 | D:9      | Found a runed translucent gate.
  7240 | D:9      | Noticed Flarelocke's ghost (novice MiFi)
  7412 | D:9      | Slain by a slime creature

Illustrated notes

Levels and vault maps discovered:
D:1:      dpeg_arrival_three_smaller_balls, layout_basic
D:2:      layout_loops_ring
D:3:      layout_basic, serial_shops, nicolae_shop_stone, st_stairs_7
D:4:      minmay_razor_zed, layout_basic, worldfamousw_hep_ancestral_shrine,
          uniq_eustachio, uniq_natasha
D:5:      layout_basic, uniq_duvessa
D:6:      layout_rooms, dilly_guarded_unrand_devastator
D:7:      layout_basic, nicolae_uskayaw_dance_hall,
          mainiacjoe_overflow_six_doors_small,
          minmay_temple_entry_drinking_statues, serial_rivers,
          chequers_serial_rivers_micro_b, chequers_serial_rivers_small_a,
          chequers_serial_rivers_small_a, chequers_serial_rivers_large_a,
          chequers_serial_rivers_micro_a, minmay_shop_damaged, uniq_maggie
D:8:      minmay_tri_box, layout_loops_ring, gammafunk_ghost_cemetery,
          minmay_manual_mares
D:9:      layout_gridville, serial_shops, nicolae_take_the_stairs,
          gammafunk_ghost_ooze, minivault_11

Skill      XL: |  1  2  3  4  5  6  7  8  9 10 |
---------------+-------------------------------+-----
Long Blades    | 2 3 4 5 6 |  6.9
Shields        | 3 4 5 |  5.1
Fighting       | 3 4 5 |  5.7
Armour         | 3 4 5 6 |  6.2
Throwing       | 1 2 3 4 |  4.6
Dodging        | 1 2 3 |  3.3
Stealth        | 1 |  1.7
Evocations     | 1 3 5 6 |  6.2
Maces & Flails | 1 4 7 |  7.3
Short Blades   | |  0.7

Action                   |  1- 3 |  4- 6 |  7- 9 | 10-12 || total
-------------------------+-------+-------+-------+-------++-------
Melee: Long sword        |    91 |       |       |       ||    91
       Dagger            |    23 |    15 |       |       ||    38
       Falchion          |       |   131 |   138 |    13 ||   282
       Shillelagh        |       |       |   102 |    77 ||   179
Throw: Stone             |     5 |     5 |    43 |    20 ||    73
       Dart              |       |     4 |    12 |    18 ||    34
Evoke: Wand              |       |       |       |     5 ||     5
  Use: Scroll            |     1 |       |       |     5 ||     6
       Potion            |       |     3 |       |     1 ||     4
Armor: Scale mail        |    52 |    67 |    81 |     9 ||   209
       Troll leather arm |       |       |       |    22 ||    22
Dodge: Dodged            |    57 |    67 |   100 |    48 ||   272
Block: Buckler           |    25 |    40 |    48 |    18 ||   131
